 Dungeon Crawl Stone Soup version 0.29-a0-541-gaf1fc19f1b (console) character file.

Game seed: 3601751528001070532

422 om the Changer (level 6, -1/57 HPs)
             Began as an Octopode Transmuter on June 2, 2022.
             Slain by an ice beast (8 damage)
             ... on level 4 of the Dungeon.
             The game lasted 00:08:29 (4984 turns).

om the Changer (Octopode Transmuter)                Turns: 4984, Time: 00:08:30

Health: -1/57      AC: 23    Str: 11    XL:     6   Next: 95%
Magic:  9/10       EV:  2    Int: 16    God:
Gold:   180        SH:  0    Dex: 12    Spells: 2/11 levels left

rFire   . . .      SeeInvis .     - Unarmed
rCold   . . .      Faith    .   (no shield)
rNeg    . . .      Spirit   .   (helmet currently unavailable)
rPois   +          Reflect  .   (no amulet)
rElec   .          Harm     .   e - ring of wizardry
rCorr   .          Rampage  .   k - ring of willpower
Will    +....      NoTele   +   (no ring)
Stlth   +.........              (no ring)
HPRegen 0.19/turn               (no ring)
MPRegen 0.12/turn               (no ring)
                                (no ring)
                                (no ring)

@: tree-form, wereblooded
A: stationary, stasis, torment immunity, boosted hp, almost no armour,
(amphibious), 8 rings, (camouflage 1), (gelatinous body 1), (nimble swimmer 1),
(tentacles)
a: no special abilities


You were on level 4 of the Dungeon.
You were a tree.
You visited 1 branch of the dungeon, and saw 4 of its levels.

You collected 180 gold pieces.

Inventory:

Jewellery
 e - a ring of wizardry (left branch)
 h - a ring of ice
 k - a ring of willpower (right branch)
Wands
 j - a wand of iceblast (9)
Scrolls
 f - a scroll of teleportation {unknown}
 g - a scroll of vulnerability {unknown}
 i - a scroll of noise {unknown}
 l - 2 scrolls of immolation {unknown}
Potions
 a - a potion of lignification
 b - a potion of brilliance {unknown}
 c - a potion of degeneration {unknown}
 d - a potion of heal wounds {unknown}
 m - a potion of curing {unknown}


   Skills:
 - Level 1.0 Fighting
 + Level 3.7 Dodging
 + Level 4.3 Unarmed Combat
 - Level 3.0 Spellcasting
 * Level 4.9 Transmutations


You had 2 spell levels left.
You knew the following spells:

 Your Spells              Type           Power      Damage    Failure   Level
a - Beastly Appendage     Tmut           36%        N/A       1%          1
b - Wereblood             Tmut           18%        N/A       1%          2
c - Poisonous Vapours     Pois/Air       4%         N/A       12%         2
d - Magic Dart            Conj           8%         1d3       8%          1
e - Spider Form           Tmut/Pois      10%        N/A       9%          3

Your spell library contained the following spells:

 Spells                   Type           Power      Damage    Failure   Level
 Necrotize                Necr           8%         1d4       8%          1
 Call Imp                 Summ           2%         N/A       12%         2
 Gell's Gravitas          Tloc           2%         N/A       22%         3
 Lesser Beckoning         Tloc           2%         N/A       22%         3
 Mephitic Cloud           Conj/Pois/Air  2%         N/A       22%         3
 Teleport Other           Tloc           2%         N/A       22%         3
 Vampiric Draining        Necr           2%         2d6       22%         3
 Ice Form                 Ice/Tmut       10%        N/A       26%         4
 Corpse Rot               Necr/Pois/Air  2%         N/A       56%         4
 Hailstorm                Conj/Ice       2%         3d3       56%         4
 Agony                    Necr           2%         N/A       87%         5
 Simulacrum               Ice/Necr       1%         N/A       100%        6


Dungeon Overview and Level Annotations

Branches:
Dungeon (4/15)
 Temple: D:4-7

Altars:


Innate Abilities, Weirdness & Mutations

You are a tree.
Your roots penetrate the ground, keeping you stationary.
You cannot be teleported.
You are immune to unholy pain and torment.
Your maximum health is greatly increased.
You cannot wear most types of armour.
((You are amphibious.))
You can wear up to eight rings at the same time.
((Your skin changes colour to match your surroundings (Stealth+).))
((Your rubbery body absorbs attacks. (AC +1, EV +1)))
((You are camouflaged when in or above water. (Stealth+)))
((You have tentacles for arms and can constrict up to eight enemies at once.))


Message History

The orc hits you with a +0 flail.
You tentacle-slap the orc. You grab the orc.
You pierce the orc, but do no damage.
The orc is almost dead.
You constrict the orc.
You feel a bit better.
You kill the orc!
The orc barely misses you.
You closely miss the orc. You grab the orc.
You pierce the orc.
The orc is moderately wounded.
You constrict the orc. The orc closely misses you.
The orc hits you with a +0 hand axe.
You bludgeon the orc!
You feel a bit better.
You kill the orc!
The orc barely misses you.
You tentacle-slap the orc. You grab the orc.
You pierce the orc, but do no damage.
The orc is severely wounded.
You constrict the orc, but do no damage.
The ice beast hits you. The ice beast freezes you! The orc misses you.
You tentacle-slap the ice beast.
You pierce the ice beast.
The ice beast is moderately wounded.
You constrict the orc. The ice beast misses you. The orc barely misses you.
You tentacle-slap the ice beast but do no damage.
The ice beast is moderately wounded.
You constrict the orc.
You feel a bit better.
You kill the orc!
The ice beast closely misses you. The ice beast hits you.
The ice beast freezes you!
Things that are here:
a +0 hand axe; 3 boomerangs; a +0 chain mail You closely miss the ice beast.
The ice beast is moderately wounded.
The ice beast hits you. The ice beast freezes you.
* * * LOW HITPOINT WARNING * * *
Really quaff the potion of lignification?
Your tentacle spike disappears.
You turn into a tree.
Your roots penetrate the ground.
The ice beast hits you.
* * * LOW HITPOINT WARNING * * *
The ice beast freezes you!
You die...

......#
#.......###.#
......# #......##
## ......##
#..##...# .......#
##..####..#
.......## ##..##
##..#
........#####...#
#.#
...............##
..#
................##
#..
.............#.Y♣#
............###...#
............#
###....
............# #....
............# #.###
.............. .#
...#........... .
..###.......... .#
..#............


You could see an ice beast.

Vanquished Creatures
  A phantom (D:3)
  A water moccasin zombie (D:4)
  A hound (D:4)
  A bullfrog skeleton (D:4)
  An orc wizard (D:4)
  A scorpion zombie (D:4)
  6 adders
  4 adder zombies (D:4)
  5 dart slugs
  12 orcs
  5 endoplasms
  6 giant cockroaches
  3 goblins
  A hobgoblin (D:3)
  13 jackals
  5 quokkas
  5 ball pythons
  8 bats
  2 frilled lizards
  10 kobolds
  A quokka zombie (D:4)
  4 rats
96 creatures vanquished.

Notes
Turn   | Place    | Note
-------+----------+-------------------------------------------
     0 | D:1      | om the Octopode Transmuter began the quest for the Orb.
     0 | D:1      | Reached XP level 1. HP: 13/13 MP: 3/3
   207 | D:1      | Reached XP level 2. HP: 15/18 MP: 3/5
   279 | D:1      | Learned a level 2 spell: Wereblood
   282 | D:1      | Learned a level 2 spell: Poisonous Vapours
  1001 | D:2      | Reached XP level 3. HP: 21/23 MP: 4/6
  1776 | D:2      | Reached XP level 4. HP: 18/28 MP: 5/7
  2663 | D:3      | Noticed a phantom
  2676 | D:3      | Killed a phantom
  2677 | D:3      | Reached XP level 5. HP: 10/33 MP: 7/9
  2995 | D:3      | Found a faded altar of an unknown god.
  3384 | D:4      | Reached XP level 6. HP: 6/38 MP: 7/10
  3697 | D:4      | Learned a level 1 spell: Magic Dart
  3701 | D:4      | Learned a level 3 spell: Spider Form
  4970 | D:4      | Noticed an ice beast
  4984 | D:4      | Slain by an ice beast

Illustrated notes

Levels and vault maps discovered:
D:1:      amcnicky_arrival_double_pillar, layout_basic, dk_noncrumbling_4
D:2:      layout_basic
D:3:      layout_loops_ring, nicolae_ecumenical_oubliette
D:4:      layout_layer_cave, serial_undead, serial_undead_a, serial_undead_d,
          serial_undead_d, serial_undead_f

Skill      XL: |  1  2  3  4  5  6 |
---------------+-------------------+-----
Transmutations | 3 4 |  4.9
Dodging        | 3 |  3.7
Spellcasting   | 3 |  3.0
Unarmed Combat | 4 |  4.3
Fighting       | |  1.0

Action                   |  1- 3 |  4- 6 || total
-------------------------+-------+-------++-------
Melee: Unarmed           |    96 |   123 ||   219
       Tentacles         |    24 |    23 ||    47
       Kick              |    26 |    36 ||    62
       Constrict         |    25 |    32 ||    57
       Punch             |     1 |     9 ||    10
 Cast: Beastly Appendage |    24 |    17 ||    41
       Wereblood         |     2 |     6 ||     8
  Use: Scroll            |     1 |     2 ||     3
       Potion            |       |     1 ||     1
 Stab: Sleeping          |     4 |     3 ||     7
Armor: Skin              |    11 |     5 ||    16
Dodge: Dodged            |    87 |    79 ||   166

Table legend: (Time is in decaauts)
 A = Elapsed time spent in this place.
 B = Non-inter-level travel time spent in this place.
 C = Inter-level travel time spent in this place.
 D = Time resting spent in this place.
 E = Time spent auto-exploring this place.
 F = Levels seen in this place.
 G = Mean time per level.
                   A        B        C        D        E       F      G
               +--------+--------+--------+--------+--------+-----+--------+
         Total |   4968 |   4845 |    123 |   1426 |   2783 |   4 | 1242.0 |
       Dungeon |   4968 |   4845 |    123 |   1426 |   2783 |   4 | 1242.0 |
               +--------+--------+--------+--------+--------+-----+--------+

Top non-repeatable levels by time:
     D:3: 1446 daAuts
     D:4: 1435 daAuts
     D:2: 1260 daAuts
     D:1: 826 daAuts
